 Dungeon Crawl Stone Soup version 0.24-a0-285-g3c078ff (webtiles) character file.

Game seed: 16181127410165823084

91 emperorscorpion the Conjurer (level 4, -4/27 HPs)
             Began as an Octopode Conjurer on May 7, 2019.
             Was an Initiate of Sif Muna.
             Slain by a sky beast (5 damage)
             ... on level 2 of the Dungeon.
             The game lasted 00:03:40 (2286 turns).

emperorscorpion the Conjurer (Octopode Conjurer)    Turns: 2286, Time: 00:03:41

Health: -4/27      AC:  1    Str:  7    XL:     4   Next: 57%
Magic:  5/7        EV: 13    Int: 18    God:    Sif Muna [......]
Gold:   34         SH:  3    Dex: 12    Spells: 4/8 levels left

rFire    x . .     SeeInvis .   a - +1 dagger (venom)
rCold    + + .     Gourm    .   k - +0 buckler
rNeg     . . .     Faith    .   (helmet restricted)
rPois    .         Spirit   .   (no amulet)
rElec    .         Reflect  .   c - ring of ice (curse)
rCorr    .         Harm     .   m - ring of protection from cold
MR       .....                  (no ring)
Stlth    +++.......             (no ring)
HPRegen  0.09/turn              (no ring)
MPRegen  0.10/turn              (no ring)
                                (no ring)
                                (no ring)

@: no status effects
A: almost no armour, stealthy swim, amphibious, 8 rings, constrict 8, camouflage
1, gelatinous body 1
a: Renounce Religion


You were on level 2 of the Dungeon.
You worshipped Sif Muna.
Sif Muna was noncommittal.
You were hungry.

You visited 1 branch of the dungeon, and saw 2 of its levels.

You collected 34 gold pieces.

Inventory:

Hand Weapons
 a - a +1 dagger of venom (weapon)
 b - a +1 hand axe of holy wrath
Armour
 k - a +0 buckler (worn)
Jewellery
 c - a cursed ring of ice (left tentacle)
 m - a ring of protection from cold (right tentacle)
 n - an uncursed ring of magical power
Scrolls
 d - 6 scrolls of identify {unknown}
 e - a scroll of amnesia {unknown}
 i - 3 scrolls of teleportation {unknown}
Potions
 h - a potion of lignification {unknown}
 j - a potion of magic {unknown}
 l - a potion of mutation {unknown}
Comestibles
 f - 4 chunks of flesh
 g - 7 rations


   Skills:
 + Level 0.2 Fighting
 + Level 2.1 Dodging
 + Level 3.4 Stealth
 * Level 0.5 Shields
 + Level 2.5 Spellcasting
 + Level 5.0 Conjurations
 + Level 0.5 Hexes


You had 4 spell levels left.
You knew the following spells:

 Your Spells              Type           Power        Failure   Level  Hunger
a - Magic Dart            Conj           ###.         3%          1    #......
b - Dazzling Spray        Conj/Hex       ##....       26%         3    ###....

Your spell library contained the following spells:

 Spells                   Type           Power        Failure   Level  Hunger
 Searing Ray              Conj           ###...       4%          2    ##.....
 Iskenderun's Mystic Bla  Conj           ###.....     32%         4    #####..
 Fulminant Prism          Conj/Hex       ##........   63%         4    #####..
 Force Lance              Conj/Tloc      ##......     67%         4    #####..


Dungeon Overview and Level Annotations

Branches:
Dungeon (2/15)

Altars:
Gozag
Nemelex Xobeh
Sif Muna


Innate Abilities, Weirdness & Mutations

You cannot wear most types of armour.
You are very stealthy in the water. (Stealth+)
You are amphibious.
You can wear up to eight rings at the same time.
You can use your tentacles to constrict eight enemies at once.
Your skin changes colour to match your surroundings (Stealth+).
Your rubbery body absorbs attacks. (AC +1, EV +1)


Message History

Deactivating autopickup; reactivate with Ctrl-A.
A sky beast appears from thin air!
Reactivating autopickup.
The sky beast flickers out of sight!
Deactivating autopickup; reactivate with Ctrl-A.
You are feeling hungry.
Your magical contamination has completely faded away.
An ooze comes into view.
The ooze quivers.
The ooze barely misses you.
You hit the ooze.
The ooze is poisoned.
The ooze is lightly wounded.
The ooze hits you. Something hits you. Something shocks you.
* * * LOW HITPOINT WARNING * * *
You hit the ooze.
The ooze looks as sick as possible!
The ooze is lightly wounded.
The ooze hits you.
* * * LOW HITPOINT WARNING * * *
Something hits you.
You die...

#.# ##..≈≈≈≈≈≈≈≈≈.
#.###....≈≈≈≈≈≈≈≈.
#........≈≈≈≈≈≈≈..
#.###.....≈≈≈≈≈≈P.
#.# #.PP...≈≈≈≈...
#.# #...P.)P≈≈.P.P
#.# #...P..P...P..
#{# ######...##.##
#@# ###......
......J.# ####.##
######### #...
####


You could see an ooze.

Vanquished Creatures
  2 adders (D:2)
  An ooze (D:1)
  3 worms (D:2)
  3 dart slugs
  3 leopard geckos
  2 ball pythons (D:1)
  3 bats
  2 giant cockroaches (D:2)
  8 hobgoblins
  6 kobolds (D:1)
  5 frilled lizards
  7 goblins
  5 rats
50 creatures vanquished.

Notes
Turn   | Place    | Note
-------+----------+-------------------------------------------
     0 | D:1      | emperorscorpion the Octopode Conjurer began the quest for
                  | the Orb.
     0 | D:1      | Reached XP level 1. HP: 11/11 MP: 3/3
   123 | D:1      | Reached XP level 2. HP: 17/17 MP: 1/5
   708 | D:1      | Reached XP level 3. HP: 21/21 MP: 3/6
  1293 | D:2      | Learned a level 3 spell: Dazzling Spray
  1411 | D:2      | Reached skill level 5 in Conjurations
  1570 | D:2      | Reached XP level 4. HP: 13/27 MP: 1/7
  1873 | D:2      | Found a sparkling altar of Nemelex Xobeh.
  1877 | D:2      | Found a deep blue altar of Sif Muna.
  1879 | D:2      | Found an opulent altar of Gozag.
  1892 | D:2      | Became a worshipper of Sif Muna the Loreminder
  2238 | D:2      | Noticed a sky beast
  2286 | D:2      | HP: 1/27 [ooze (2)]
  2286 | D:2      | Slain by a sky beast

Levels and vault maps discovered:
D:1:      scummos_arrival_hexagon, layout_basic, minmay_tromino_i2
D:2:      layout_loops_corners, grunt_temple_overflow_open, dk_noncrumbling_3,
          guppyfry_early_lair_pool, uniq_crazy_yiuf_cottage

Skill      XL: |  1  2  3 |
---------------+----------+-----
Stealth        | 3 |  3.4
Conjurations   | 5 |  5.0
Fighting       | |  0.2
Dodging        | |  2.1
Shields        | |  0.5
Spellcasting   | |  2.5
Hexes          | |  0.5

Action                   |  1- 3 |  4- 6 || total
-------------------------+-------+-------++-------
Melee: Unarmed           |     4 |       ||     4
       Constrict         |     6 |     4 ||    10
       Tentacles         |     4 |     1 ||     5
       Dagger            |    16 |    17 ||    33
 Cast: Magic Dart        |    61 |    13 ||    74
       Dazzling Spray    |     2 |     2 ||     4
 Stab: Sleeping          |     1 |     4 ||     5
       Invisible         |     1 |       ||     1
  Eat: Chunk             |     3 |     2 ||     5
Armor: Skin              |     6 |       ||     6
Dodge: Dodged            |    13 |     7 ||    20

Table legend:
 A = Non-vault XP
 B = Vault XP
 C = Vault XP percentage of total XP
 D = Non-vault monster count
 E = Vault monster count
 F = Vault count percentage of total count
                 A         B        C        D         E       F
            +---------+---------+-------+---------+---------+-------
      Total |     126 |       4 |   3.1 |      48 |       2 |   4.0
            +---------+---------+-------+---------+---------+-------
        D:1 |      54 |       4 |   6.9 |      28 |       2 |   6.7
        D:2 |      72 |       0 |   0.0 |      20 |       0 |   0.0
            +---------+---------+-------+---------+---------+-------
